 Dungeon Crawl Stone Soup version 0.27.1-33-g824d729ab1 (webtiles) character file.

Game seed: 7122755550373455592

92 McKennaii the Magician (level 4, -2/33 HPs)
             Began as a Demigod Conjurer on Dec 4, 2021.
             Succumbed to a scorpion's poison
             ... on level 3 of the Dungeon.
             The game lasted 00:02:13 (2521 turns).

McKennaii the Magician (Demigod Conjurer)           Turns: 2521, Time: 00:02:14

Health: -2/33      AC:  3    Str:  8    XL:     4   Next: 13%
Magic:  7/12       EV: 12    Int: 24    God:
Gold:   38         SH:  0    Dex: 12    Spells: 7/10 levels left

rFire    . . .     SeeInvis .   (no weapon)
rCold    + . .     Faith    .   (no shield)
rNeg     . . .     Spirit   .   a - +0 robe
rPois    .         Reflect  .   g - +0 helmet
rElec    .         Harm     .   (no cloak)
rCorr    .         Rampage  .   (no gloves)
Will     +....                  (no boots)
Stlth    ++........             (no amulet)
HPRegen  0.11/turn              b - ring of protection from cold
MPRegen  0.13/turn              d - ring of willpower

@: lethally poisoned (-2 -> -27), very slightly contaminated
A: high mp 1, forlorn
a: no special abilities


You were on level 3 of the Dungeon.
You visited 1 branch of the dungeon, and saw 3 of its levels.

You collected 49 gold pieces.
You spent 11 gold pieces at shops.

Inventory:

Armour
 a - a +0 robe (worn)
 g - a +0 helmet (worn)
Jewellery
 b - a ring of protection from cold (left hand)
 d - a ring of willpower (right hand)
Scrolls
 c - a scroll of fog {unknown}
 e - a scroll of teleportation {unknown}
 f - a scroll of holy word {unknown}
 h - 3 scrolls of identify {unknown}


   Skills:
 - Level 1.7 Dodging
 - Level 1.7 Stealth
 + Level 3.9 Spellcasting
 - Level 3.6 Conjurations


You had 7 spell levels left.
You knew the following spells:

 Your Spells              Type           Power      Damage    Failure   Level
a - Magic Dart            Conj           88%        1d7       2%          1
b - Searing Ray           Conj           44%        3d4       3%          2

Your spell library contained the following spells:

 Spells                   Type           Power      Damage    Failure   Level
 Dazzling Flash           Conj/Hex       26%        N/A       14%         3
 Fulminant Prism          Conj/Hex       6%         3d7       43%         4
 Iskenderun's Mystic Bla  Conj/Tloc      13%        2d5       43%         4


Dungeon Overview and Level Annotations

Branches:
Dungeon (3/15)

Shops:
D:2 !   D:3 :


Innate Abilities, Weirdness & Mutations

Your attributes grow dramatically as you level up.
You have an increased reservoir of magic. (+10% MP)
You shall have no god before yourself.


Message History

You open the door.
There is an open door here.
There is an open door here.
Found a stone staircase leading up.
You can't see any susceptible monsters within range! (Use Z to cast anyway.)
There is a stone staircase leading up here.
A scorpion comes into view.
The magic dart hits the scorpion but does no damage.
The scorpion stings you!
You are poisoned.
The scorpion poisons you!
The scorpion stings you but does no damage.
A scorpion is nearby!
The magic dart hits the scorpion but does no damage.
You feel very sick. The scorpion stings you.
You are lethally poisoned!
The scorpion poisons you!
The magic dart hits the scorpion.
The scorpion is lightly wounded.
You feel very sick. The scorpion stings you.
You are more poisoned.
The scorpion poisons you!
There is a lethal amount of poison in your body!
You are too injured to fight recklessly!
There is a lethal amount of poison in your body!
You aren't carrying any potions.
Casting: Magic Dart (safe; 2% risk of failure)
Confirm with . or Enter, or press ? or * to list all spells.
Aiming: Searing Ray (safe; 3% risk of failure)
Press: ? - help, Shift-Dir - straight line, f/p - scorpion
Aim: a scorpion (lightly wounded, 78% to hit)
You miscast Searing Ray.
You are very lightly contaminated with residual magic.
Nothing appears to happen.
* * * LOW HITPOINT WARNING * * *
You feel extremely sick. The scorpion closely misses you.
You die...

#.#####.##.####
#.............####
#.#####...........
#.# ####.......>
#.# ....###.####
#.# .8.8. #.# #
#.# .#+#. #.# #
#.# #. ..# # #@#
## ### # #.s.# #
###.# # .# # #


You could see a scorpion.

Vanquished Creatures
  A gnoll (D:1)
  4 adders
  A dart slug (D:1)
  3 ball pythons
  A bat (D:2)
  8 endoplasms
  3 goblins (D:2)
  3 hobgoblins
  3 quokkas
  A frilled lizard (D:1)
  10 kobolds
  5 rats
43 creatures vanquished.

Vanquished Creatures (others)
  A worm (D:3)
  A hobgoblin (D:2)
  2 kobolds (D:3)
  A ball python (D:3)
  A bat (D:3)
  A rat (D:3)
7 creatures vanquished.

Grand Total: 50 creatures vanquished

Notes
Turn   | Place    | Note
-------+----------+-------------------------------------------
     0 | D:1      | McKennaii the Demigod Conjurer began the quest for the Orb.
     0 | D:1      | Reached XP level 1. HP: 14/14 MP: 5/5
   312 | D:1      | Reached XP level 2. HP: 20/20 MP: 4/8
   576 | D:1      | You fall into a shaft and drop 1 floor!
   677 | D:2      | Reached XP level 3. HP: 18/26 MP: 0/10
   787 | D:2      | Learned a level 2 spell: Searing Ray
   871 | D:2      | Found Ynaogy's Distillery.
   929 | D:2      | Bought a potion of degeneration for 11 gold pieces
  2294 | D:3      | Reached XP level 4. HP: 33/33 MP: 5/12
  2433 | D:3      | Found Mapeos's Book Shop.
  2521 | D:3      | Succumbed to a scorpion's poison

Illustrated notes

Levels and vault maps discovered:
D:1:      dpeg_arrival_rooms_c, layout_rooms, minmay_unequal
D:2:      layout_loops_cross, serial_shops, nicolae_diamond_shop, basic_altar,
          lemuel_flame_loot_1
D:3:      layout_loops_ring, xom_confusion_cloud, serial_shops,
          nicolae_shop_behind_doors, nicolae_shop_behind_doors,
          dreamdust_ecumenical_altar_angels_and_demons

Skill      XL: |  1  2 |
---------------+-------+-----
Spellcasting   | 2 3 |  3.9
Dodging        | |  1.7
Stealth        | |  1.7
Conjurations   | |  3.6

Action                   |  1- 3 |  4- 6 || total
-------------------------+-------+-------++-------
Melee: Unarmed           |     1 |       ||     1
 Cast: Magic Dart        |    90 |     8 ||    98
Armor: Robe              |     2 |     1 ||     3
Dodge: Dodged            |     9 |     3 ||    12
